 Dungeon Crawl Stone Soup version 0.31-a0-845-g9abc20d24f (webtiles) character file.

Game seed: 13946404965683608873

5726 Nattfarinn the Fighter (level 11, -9/84 HPs)
             Began as a Djinni Venom Mage on Oct 2, 2023.
             Was a Believer of Makhleb.
             Killed from afar by a wretched star (21 damage)
             ... with a lance of force
             ... on level 1 of the Abyss.
             The game lasted 00:24:46 (10140 turns).

Nattfarinn the Fighter (Djinni Venom Mage)         Turns: 10140, Time: 00:24:46

Health: -9/84      AC:  4    Str: 14    XL:     11   Next: 5%
Gold:   484        EV: 32    Int: 17    God:    Makhleb [**....] SH:  0 Dex: 14

rFire   + + .        s - +1 dagger (elec)
rCold   . . .        (no shield)
rNeg    . . .        v - +1 leather armour {rC+}
rPois   ∞            (helmet currently unavailable)
rElec   .            (cloak currently unavailable)
rCorr   .            (gloves currently unavailable)
SInv    .            (boots unavailable)
Will    +....        i - amulet of the acrobat
Stlth   ++           l - +5 ring of evasion
HPRegen 0.34/turn    r - ring "Noxkotec" {rPois Str+3}
MPRegen 0.00/turn

%: acrobat, infuse magic (-10 HP)
@: about to teleport, beast-form, acrobatic, flying
A: beast (slay +0), flying, sickness immunity, fire resistance 2, cold
vulnerability 1, float, innate caster, HP casting, extra vitality 1,
[deterioration 2], [subdued magic 2], [inability to read after injury 2]
a: Begin Untransformation, Renounce Religion, Minor Destruction


You were on level 1 of the Abyss.
You worshipped Makhleb.
Makhleb was pleased with you.
You were a hulking beast.
You visited 1 branch of the dungeon, and saw 9 of its levels.
You visited the Abyss 1 time.
You also visited: Ossuary.

You collected 484 gold pieces.

Inventory:

Hand Weapons
 f - a +2 vampiric scythe
 s - a +1 dagger of electrocution (weapon)
Missiles
 j - 3 throwing nets
Armour
 a - a +0 robe
 v - a +1 leather armour of cold resistance (worn)
 J - a +0 cloak
 L - a +0 troll leather armour
Jewellery
 i - an amulet of the acrobat (around neck)
 k - a ring of resist corrosion
 l - a +5 ring of evasion (left hand)
 r - the ring "Noxkotec" (right hand) {rPois Str+3}
   (You found it on level 4 of the Dungeon)

   [ring of poison resistance]

   Str+3:     It affects your strength (+3).
   rPois:     It protects you from poison
 A - a ring of willpower
 K - a ring of protection from cold
Talismans
 b - a beast talisman (active)
Wands
 g - a wand of flame (17)
 t - a wand of paralysis (30)
 z - a wand of roots (9)
Scrolls
 c - a scroll of noise
 d - 2 scrolls of fog
 e - 2 scrolls of fear
 h - 2 scrolls of vulnerability
 q - 2 scrolls of immolation
 u - 2 scrolls of teleportation
 x - 2 scrolls of enchant weapon {unknown}
 y - 2 scrolls of amnesia
 F - 2 scrolls of revelation
 G - a scroll of enchant armour {unknown}
 I - a scroll of identify
Potions
 m - 2 potions of haste {unknown}
 n - 3 potions of enlightenment
 o - 2 potions of degeneration {unknown}
 p - 3 potions of heal wounds {unknown}
 w - 2 potions of attraction {unknown}
 B - 2 potions of mutation {unknown}
 C - a potion of magic {unknown}
 D - 2 potions of ambrosia {unknown}
 E - 4 potions of lignification {unknown}
 H - a potion of curing {unknown}


   Skills:
 * Level 9.4 Fighting
 + Level 5.9 Short Blades
 - Level 3.5 Polearms
 - Level 2.1 Dodging
 - Level 1.5 Stealth
 - Level 8.0 Spellcasting
 - Level 8.0 Conjurations
 - Level 8.0 Hexes
 - Level 8.0 Summonings
 - Level 8.0 Necromancy
 - Level 8.0 Translocations
 - Level 8.0 Transmutations
 - Level 8.0 Fire Magic
 - Level 8.0 Ice Magic
 - Level 8.0 Air Magic
 - Level 8.0 Earth Magic
 - Level 8.0 Poison Magic


You knew the following spells:

 Your Spells              Type           Power      Damage    Failure   Level
a - Sting                 Tmut/Pois      84%        1d7       1%          1
b - Poisonous Vapours     Pois/Air       42%        N/A       1%          2
c - Mephitic Cloud        Conj/Pois/Air  21%        N/A       1%          3
d - Olgreb's Toxic Radia  Pois           21%        N/A       2%          4
e - Slow                  Hex            84%        N/A       1%          1
f - Scorch                Fire           42%        2d6       1%          2
g - Static Discharge      Conj/Air       42%        2-4/arc   1%          2
h - Swiftness             Air            21%        N/A       1%          3
i - Lee's Rapid Deconstr  Erth           10%        3d8*      10%         5
Your spell library was empty.

Dungeon Overview and Level Annotations

Branches:
Dungeon (9/15)             Temple (0/1) D:5         Ossuary (visited)
   Lair: D:8-11         Orc: D:9-12

Altars:
Ashenzari
Fedhas
Makhleb
Okawaru
Qazlal
Uskayaw
Wu Jian
Zin

Annotations:
D:9 Erolcha


Innate Abilities, Weirdness & Mutations

You are a hulking beast.
Your limbs bulge with bestial killing power. (Slay +0)
You are flying.
You are immune to sickness and miasma.
You are immune to poison.
Your flesh is very heat resistant. (rF++)
You are vulnerable to cold. (rC-)
You float through the air rather than walking.
You learn spells naturally, not from books.
Your magical power is your life essence.
You have superior vitality. (+4 MHP)
[Your body often deteriorates upon taking damage.]
[Your spells are easier to cast, but less powerful.]
[You sometimes lose the ability to read scrolls when taking damage.]


Message History

You are too injured to fight recklessly!
You are too injured to fight recklessly!
You are too injured to fight recklessly!
You are too injured to fight recklessly!
You are too injured to fight recklessly!
You are too injured to fight recklessly!
You are too injured to fight recklessly!
You are too injured to fight recklessly!
You are too injured to fight recklessly!
You are too injured to fight recklessly!
You are too injured to fight recklessly!
You are too injured to fight recklessly!
You are too injured to fight recklessly!
You are too injured to fight recklessly!
You are too injured to fight recklessly!
You are too injured to fight recklessly!
As you read the scroll of teleportation, it crumbles to dust.
You feel strangely unstable.
You feel the power of the Abyss delaying your translocation!
The wretched star glows turbulently.
The lance of force misses you.
A purple draconian shifter comes into view.
It is wielding a +0 short sword.
The purple draconian shifter roars!
The wretched star glows turbulently.
The lance of force misses you.
The wretched star pulses with an eldritch light!
Your connection to magic feels subdued.
Your connection to magic feels more subdued.
You feel yourself wasting away.
You feel your body start to fall apart.
The wretched star pulses with an eldritch light!
You occasionally lose the ability to read scrolls when taking damage.
You lose the ability to read scrolls when taking damage more often.
The purple draconian shifter gestures at you while chanting.
The wretched star blinks!
The purple very ugly thing attacks as it pursues you!
The purple very ugly thing pecks you!!
* * * LOW HITPOINT WARNING * * *
The wretched star glows turbulently.
The lance of force hits you!!
You die...

.# .# . ####.#
.# #.... ..#
#...# ..#.
§§#...# .....
§§#...##......
##.......#
#..#h.q##....#
#.# #.u.# ...#
# #*..# ..#
#...# .# #####
#


You could see a purple very ugly thing, a purple draconian shifter and a
wretched star.

Vanquished Creatures
  A two-headed ogre (D:9)
  A troll (D:9)
  Grinder (D:5)
  A hornet (D:9)
  Sigmund (D:2)
  2 wraiths
  Eustachio (D:5)
  2 steam dragons
  A yak (D:6)
  A chaos spawn (Abyss:1)
  Edmund (D:4)
  A water moccasin (D:8)
  2 orc warriors
  A sky beast (D:7)
  A black bear (D:6)
  4 centaurs
  2 ogres
  3 phantoms
  3 scorpions
  A bullfrog (D:7)
  A kobold brigand (D:8)
  A gnoll sergeant (D:7)
  4 wights (D:6)
  10 killer bees
  8 howler monkeys
  3 jellies
  3 hounds
  A sleepcap (D:6)
  6 orc priests
  An iguana (D:5)
  Terence (D:2)
  5 orc wizards
  A mummy (Ossuary)
  10 gnolls
  6 adders
  A white imp (D:6)
  An ufetubus (D:3)
  2 worms
  2 dart slugs
  29 orcs
  8 bats
  13 endoplasms
  3 giant cockroaches
  6 hobgoblins
  11 jackals
  16 kobolds
  5 quokkas
  10 ball pythons
  6 frilled lizards
  4 gnoll skeletons (Ossuary)
  10 goblins
  10 kobold skeletons (Ossuary)
  11 orc skeletons (Ossuary)
  6 rats
246 creatures vanquished.

Notes
Turn   | Place    | Note
-------+----------+-------------------------------------------
     0 | D:1      | Nattfarinn the Djinni Venom Mage began the quest for the
                  | Orb.
     0 | D:1      | Nattfarinn set off with the following spells memorised:
                  | Sting, Poisonous Vapours, Mephitic Cloud, Olgreb's Toxic
                  | Radiance.
     0 | D:1      | Reached XP level 1. HP: 15/15 MP: 0/0
   156 | D:1      | Reached XP level 2. HP: 20/21 MP: 0/0
   527 | D:1      | Reached XP level 3. HP: 15/25 MP: 0/0
   527 | D:1      | Learned a level 1 spell: Slow
   984 | D:1      | Reached XP level 4. HP: 6/31 MP: 0/0
   988 | D:1      | HP: 1/31 [jackal (3)]
  1451 | D:2      | Noticed Sigmund
  1452 | D:2      | Noticed Terence
  1463 | D:2      | Noticed a scorpion
  1468 | D:2      | Killed Terence
  1470 | D:2      | Killed a scorpion
  1471 | D:2      | Reached XP level 5. HP: 13/35 MP: 0/0
  1471 | D:2      | Learned a level 2 spell: Scorch
  1471 | D:2      | Killed Sigmund
  1472 | D:2      | Reached skill level 5 in Spellcasting
  1472 | D:2      | Reached skill level 5 in Conjurations
  1472 | D:2      | Reached skill level 5 in Hexes
  1472 | D:2      | Reached skill level 5 in Summonings
  1472 | D:2      | Reached skill level 5 in Necromancy
  1472 | D:2      | Reached skill level 5 in Translocations
  1472 | D:2      | Reached skill level 5 in Transmutations
  1472 | D:2      | Reached skill level 5 in Fire Magic
  1472 | D:2      | Reached skill level 5 in Ice Magic
  1472 | D:2      | Reached skill level 5 in Air Magic
  1472 | D:2      | Reached skill level 5 in Earth Magic
  1472 | D:2      | Reached skill level 5 in Poison Magic
  1472 | D:2      | Reached XP level 6. HP: 15/40 MP: 0/0
  1725 | D:2      | Reached skill level 1 in Polearms
  2067 | D:2      | Found a glowing silver altar of Zin.
  2090 | D:2      | Reached XP level 7. HP: 36/45 MP: 0/0
  2090 | D:2      | Learned a level 2 spell: Static Discharge
  2744 | D:3      | Identified the +6 dagger "Dyckuzown" {flame, rElec}
  3106 | D:4      | Identified the ring "Noxkotec" {rPois Str+3}
  3128 | D:4      | Noticed Edmund
  3139 | D:4      | Killed Edmund
  3586 | D:4      | Found an ornate altar of the Wu Jian Council.
  3623 | D:4      | Reached XP level 8. HP: 39/50 MP: 0/0
  4253 | D:5      | Entered Level 5 of the Dungeon
  4257 | D:5      | Found a burning altar of Makhleb.
  4274 | D:5      | Became a worshipper of Makhleb the Destroyer
  4356 | D:5      | Found a staircase to the Ecumenical Temple.
  4363 | D:5      | Noticed Eustachio
  4375 | D:5      | Killed Eustachio
  5172 | D:5      | Found a broken altar of Ashenzari.
  5383 | D:5      | Noticed Grinder
  5384 | D:5      | Paralysed by Grinder for 4 turns
  5396 | D:5      | Killed Grinder
  5397 | D:5      | Reached XP level 9. HP: 55/55 MP: 0/0
  5397 | D:5      | Learned a level 3 spell: Swiftness
  5745 | D:6      | Reached skill level 1 in Fighting
  5751 | D:6      | Reached skill level 2 in Fighting
  5751 | D:6      | Reached skill level 1 in Short Blades
  5985 | D:6      | Found a stormy altar of Qazlal.
  6447 | D:6      | Reached skill level 3 in Fighting
  6605 | D:6      | Reached skill level 4 in Fighting
  6605 | D:6      | Reached * piety under Makhleb
  6822 | D:6      | Reached skill level 5 in Fighting
  7328 | D:7      | Reached XP level 10. HP: 63/72 MP: 0/0
  7384 | D:7      | Found an iron altar of Okawaru.
  7511 | D:7      | Found a sand-covered staircase.
  7517 | Ossuary  | Entered an ossuary
  7662 | Ossuary  | Reached skill level 6 in Fighting
  7833 | Ossuary  | Reached ** piety under Makhleb
  7994 | D:7      | Found a blossoming altar of Fedhas.
  8308 | D:7      | Found a hide-covered altar of Uskayaw.
  8461 | D:7      | Identified the +1 robe "Korure" {Fly rC+ rCorr Str-5}
  8730 | D:8      | Reached skill level 7 in Fighting
  9100 | D:8      | Reached skill level 5 in Short Blades
  9262 | D:8      | Reached skill level 8 in Fighting
  9612 | D:9      | Noticed a two-headed ogre
  9619 | D:9      | Killed a two-headed ogre
  9620 | D:9      | Reached skill level 9 in Fighting
  9704 | D:9      | Reached XP level 11. HP: 66/84 MP: 0/0
  9704 | D:9      | Learned a level 5 spell: Lee's Rapid Deconstruction
  9898 | D:9      | Noticed Erolcha
  9899 | Abyss:1  | Cast into level 1 of the Abyss (Erolcha)
  9953 | Abyss:1  | Found an ornate altar of the Wu Jian Council.
 10117 | Abyss:1  | Noticed a wretched star
 10135 | Abyss:1  | Noticed a purple draconian shifter
 10139 | Abyss:1  | Noticed a purple very ugly thing
 10140 | Abyss:1  | Killed from afar by a wretched star

Illustrated notes

Levels and vault maps discovered:
D:1:      mrwooster_arrival_statue, layout_loops_corners
D:2:      layout_rooms, basic_altar, minivault_23, uniq_terence, uniq_sigmund
D:3:      layout_loops_ring
D:4:      layout_loops_ring, lemuel_round_altar, uniq_edmund
D:5:      layout_loops_corners, amcnicky_altar_gilded,
          nicolae_ashenzari_skybound, minmay_temple_entry_slanted,
          uniq_eustachio, uniq_grinder
D:6:      layout_cave_pools, amethyst_overflow_temple_binary, st_stairs_9,
          minmay_small_thing
D:7:      layout_loops_ring, mainiacjoe_overflow_surrounded_room,
          okawaru_gym_becter, lemuel_crystal_altar, serial_co_window_serial,
          co_window_paths_b, co_window_corner_a, co_window_paths_b,
          co_window_corner_a, co_window_corner_a, co_window_broadway_b,
          co_window_of_opportunity_c, co_window_corner_b,
          co_window_of_opportunity_b, co_window_broadway_c,
          co_window_unsneaky_path_a, co_window_of_opportunity_b,
          glass_columns_a, glass_columns_b, glass_columns_b, glass_columns_a,
          enter_ossuary_2
D:8:      layout_cave_pools
D:9:      layout_gridville, uniq_erolcha
Abyss:1:  base: D:2, guppyfry_abyss_exit_spiral_guarded

Skill      XL: |  1  2  3  4  5  6  7  8  9 10 |
---------------+-------------------------------+-----
Spellcasting   | 4 5 7 8 |  8.0
Conjurations   | 4 5 7 8 |  8.0
Hexes          | 4 5 7 8 |  8.0
Summonings     | 4 5 7 8 |  8.0
Necromancy     | 4 5 7 8 |  8.0
Translocations | 4 5 7 8 |  8.0
Transmutations | 4 5 7 8 |  8.0
Fire Magic     | 4 5 7 8 |  8.0
Ice Magic      | 4 5 7 8 |  8.0
Air Magic      | 4 5 7 8 |  8.0
Earth Magic    | 4 5 7 8 |  8.0
Poison Magic   | 4 5 7 8 |  8.0
Polearms       | 1 3 |  3.5
Fighting       | 5 9 |  9.4
Short Blades   | 3 5 |  5.9
Dodging        | |  2.1
Stealth        | |  1.5

Action                     |  1- 3 |  4- 6 |  7- 9 | 10-12 || total
---------------------------+-------+-------+-------+-------++-------
  Melee: Unarmed           |    12 |     2 |       |       ||    14
         Halberd           |       |     1 |    23 |       ||    24
         Dagger            |       |       |   228 |   125 ||   353
         Punch             |       |       |     1 |     1 ||     2
   Cast: Sting             |    65 |    42 |    64 |       ||   171
         Mephitic Cloud    |     1 |     2 |     6 |     4 ||    13
         Poisonous Vapours |       |     3 |    12 |     2 ||    17
         Olgreb's Toxic Ra |       |     3 |    24 |    13 ||    40
         Scorch            |       |       |    27 |    46 ||    73
         Static Discharge  |       |       |       |     5 ||     5
  Evoke: Wand              |       |       |     3 |       ||     3
    Use: Scroll            |       |       |     6 |     5 ||    11
   Stab: Sleeping          |       |       |     1 |       ||     1
         Paralysed         |       |       |     5 |       ||     5
 Armour: Robe              |    19 |    16 |    46 |       ||    81
         Leather armour    |       |       |    66 |    47 ||   113
  Dodge: Dodged            |    30 |    18 |   212 |    86 ||   346
   Form: Beast             |     1 |       |       |       ||     1

Table legend: (Time is in decaauts)
 A = Elapsed time spent in this place.
 B = Non-inter-level travel time spent in this place.
 C = Inter-level travel time spent in this place.
 D = Time resting spent in this place.
 E = Time spent auto-exploring this place.
 F = Levels seen in this place.
 G = Mean time per level.
                   A        B        C        D        E       F      G
               +--------+--------+--------+--------+--------+-----+--------+
         Total |  10112 |   9359 |    753 |    971 |   6785 |  11 |  919.3 |
       Dungeon |   9572 |   8819 |    753 |    928 |   6552 |   9 | 1063.6 |
         Abyss |    216 |    216 |      0 |     43 |      1 |   1 |  216.0 |
       Ossuary |    322 |    322 |      0 |      0 |    232 |   1 |  322.0 |
               +--------+--------+--------+--------+--------+-----+--------+

Top non-repeatable levels by time:
     D:5: 1556 daAuts
     D:1: 1533 daAuts
     D:7: 1296 daAuts
     D:6: 1274 daAuts
     D:4: 1187 daAuts
     D:2: 793 daAuts
     D:3: 746 daAuts
     D:8: 658 daAuts
     D:9: 527 daAuts
 Ossuary: 322 daAuts
 Abyss:1: 216 daAuts
